 Dungeon Crawl Stone Soup version 0.31-a0-1522-g43313d8a59 (webtiles) character file.

Game seed: 1649838990320446432

77 AstroCodex24 the Trooper (level 3, -3/28 (31) HPs)
             Began as a Demigod Fighter on Dec 31, 2023.
             Slain by an orc
             ... wielding a +4 heavy hand axe
              (4 damage)
             ... on level 4 of the Dungeon.
             The game lasted 00:02:06 (393 turns).

AstroCodex24 the Trooper (Demigod Fighter)           Turns: 393, Time: 00:02:09

HP:   -3/28 (31)    AC:  6    Str: 21    XL:     3   Next: 92%
MP:   5/5           EV:  9    Int: 10    God:
Gold: 53            SH:  4    Dex: 13    Spells: 2/2 levels left

rFire   + + .        f - +4 dagger of Defence {flame, rF+ rN+}
rCold   x . .        c - +0 buckler
rNeg    + . .        b - +0 scale mail
rPois   .            (no helmet)
rElec   .            (no cloak)
rCorr   .            (no gloves)
SInv    .            (no boots)
Will    .....        (no amulet) Stlth
                     i - ring of fire
HPRegen 0.24/turn    (no ring)
MPRegen 0.09/turn

%: no passive effects
@: attractive, drained
A: high MP 1, forlorn, divine attributes
a: no special abilities


You were on level 4 of the Dungeon.
You visited 1 branch of the dungeon, and saw 4 of its levels.

You collected 53 gold pieces.

Inventory:

Hand Weapons
 a - a +0 war axe
 f - the +4 dagger of Defence (weapon) {flame, rF+ rN+}
   (You took it off a kobold on level 2 of the Dungeon)

   rF+:       It protects you from fire.
   rN+:       It protects you from negative energy.
Armour
 b - a +0 scale mail (worn)
 c - a +0 buckler (worn)
Jewellery
 i - a ring of fire (left hand)
Scrolls
 g - a scroll of enchant weapon {unknown}
Potions
 d - a potion of might
 e - a potion of attraction
 h - a potion of cancellation {unknown}


   Skills:
 + Level 3.4 Fighting
 + Level 2.4 Axes
 + Level 3.1 Armour
 + Level 3.2 Shields


You had 2 spell levels left.
You didn't know any spells.
Your spell library was empty.

Dungeon Overview and Level Annotations

Branches:
Dungeon (4/15)
 Temple: D:4-7


Innate Abilities, Weirdness & Mutations

You have an increased reservoir of magic. (+10% MP)
You shall have no god before yourself.
Your divine heritage dramatically boosts your attributes as you level up.


Message History

The orc attacks as it pursues you! The orc hits you with a +0 flail.
The orc attacks as it pursues you! The orc hits you but does no damage.
You hit the orc but do no damage. You block the orc's attack.
You hit the orc but do no damage. You block the orc's attack.
You hit the orc. You burn the orc.
The orc is heavily wounded.
The orc hits you with a +0 flail. The orc closely misses you.
You hit the orc. You burn the orc.
The orc is heavily wounded.
The orc hits you with a +0 flail. The orc hits you with a +0 short sword.
The orc hits you with a +4 heavy hand axe!
You hit the orc. You burn the orc.
The orc is almost dead.
The orc barely misses you.
The orc hits you with a +2 short sword of draining.
You partially resist.
You feel drained. The orc hits you with a +0 short sword.
You closely miss the orc.
The orc is almost dead.
You block the orc's attack.
The orc hits you with a +2 short sword of draining.
You partially resist.
You feel drained. The orc hits you but does no damage.
The orc hits you with a +0 short sword.
You hit the orc. You burn the orc.
You kill the orc!
You block the orc's attack. The orc barely misses you.
You block the orc's attack.
You hit the orc. You burn the orc.
The orc is almost dead.
The orc hits you with a +0 flail!
* * * LOW HITPOINT WARNING * * *
You block the orc's attack.
Okay, then.
It was a potion of attraction.
You feel attractive to monsters. The orc hits you but does no damage.
The orc hits you with a +2 short sword of draining.
* * * LOW HITPOINT WARNING * * *
You partially resist.
You feel drained.
The orc hits you with a +4 heavy hand axe.
You die...

# .......###.# #.# . #.
#........#.# #.#
..#.#####.#....#.#.# #.#
.....#...>#....#.#.# #.# ##
........#......#.#.#####.###.
.................#...........
..($........................(
.#..........o....##...#####.<
.....#.....o@..####...# ##.
###....####o).## #...# #.
#.#.. ##.## #...# #. # ##.
### #...# #. oo #...# #. ..
#...#


You could see 3 orcs.

Vanquished Creatures
  An orc priest (D:4)
  An orc wizard (D:4)
  4 orcs
  An endoplasm (D:4)
  A giant cockroach (D:1)
  A goblin (D:3)
  2 hobgoblins
  3 jackals (D:2)
  A ball python (D:2)
  3 kobolds (D:2)
  A rat (D:2)
19 creatures vanquished.

Notes
Turn   | Place    | Note
-------+----------+-------------------------------------------
     0 | D:1      | AstroCodex24 the Demigod Fighter began the quest for the
                  | Orb.
     0 | D:1      | Reached XP level 1. HP: 18/18 MP: 3/3
    58 | D:2      | Identified the +4 dagger of Defence {flame, rF+ rN+}
    63 | D:2      | Reached XP level 2. HP: 25/25 MP: 4/4
   222 | D:4      | Reached XP level 3. HP: 28/31 MP: 5/5
   393 | D:4      | HP: 1/29 [orc/+2 short sword of draining (3)]
   393 | D:4      | Slain by an orc

Illustrated notes

Levels and vault maps discovered:
D:1:      dpeg_arrival_long_road, layout_loops_corners
D:2:      layout_basic, grunt_ministairs_9
D:3:      layout_rooms, cheibrodos_worm_habitat, uniq_grinder
D:4:      layout_loops_ring, lemuel_tele_altar, uniq_ijyb

Skill      XL: |  1  2  3 |
---------------+----------+-----
Axes           | 2 |  2.4
Fighting       | 3 |  3.4
Armour         | 3 |  3.1
Shields        | 3 |  3.2

Action                     || total
---------------------------++-------
  Melee: War axe           ||    14
         Dagger            ||    40
    Use: Potion            ||     1
 Armour: Scale mail        ||    45
  Dodge: Dodged            ||    21
  Block: Buckler           ||    15

Table legend: (Time is in decaauts)
 A = Elapsed time spent in this place.
 B = Non-inter-level travel time spent in this place.
 C = Inter-level travel time spent in this place.
 D = Time resting spent in this place.
 E = Time spent auto-exploring this place.
 F = Levels seen in this place.
 G = Mean time per level.
                   A        B        C        D        E       F      G
               +--------+--------+--------+--------+--------+-----+--------+
         Total |    399 |    399 |      0 |      0 |      0 |   4 |   99.8 |
       Dungeon |    399 |    399 |      0 |      0 |      0 |   4 |   99.8 |
               +--------+--------+--------+--------+--------+-----+--------+

Top non-repeatable levels by time:
     D:4: 195 daAuts
     D:2: 110 daAuts
     D:3: 54 daAuts
     D:1: 38 daAuts
